| TOP OF THE 1ST |
|
Elmira Pioneers batting - Pitching for Manchester Fisher Cats : RHP Jeffrey Arney
|
|
Pitching: RHP Jeffrey Arney
|
|
|
Batting: RHB Ken Dowell
|
0-0: Ball 1-0: Ball 2-0: Ball 3-0: Base on Balls
|
|
Batting: RHB Mark Wasinger
|
0-0: SINGLE (Flyball, 9S, EV 86.3 MPH) Ken Dowell to second Runner from 2nd tries for 3rd, SAFE, throw by RF made to third
|
|
Batting: RHB Richard Givens
|
0-0: Foul Ball, location: 2F 0-1: Ball 1-1: Ball 2-1: Called Strike 2-2: Strikes out swinging
|
|
Batting: LHB Juan Flores
|
0-0: Ball 1-0: Swinging Strike 1-1: Foul Ball, location: 2F 1-2: Foul Ball, location: 2F 1-2: Ball 2-2: Ball 3-2: Strikes out swinging
|
|
Batting: RHB Edwin Rodriguez
|
0-0: Called Strike 0-1: Foul Ball, location: 2F 0-2: Foul Ball, location: 2F 0-2: Foul Ball, location: 2F 0-2: Ball 1-2: Foul Ball, location: 2F 1-2: Strikes out swinging
|
| Top of the 1st over - 0 runs, 1 hit, 0 errors, 2 left on base; Elmira 0 - Manchester 0 |
| BOTTOM OF THE 1ST |
|
Manchester Fisher Cats batting - Pitching for Elmira Pioneers : RHP Carlos Cruz
|
|
Pitching: RHP Carlos Cruz
|
|
|
Batting: SHB Danny Hernandez
|
0-0: Ball 1-0: DOUBLE (Line Drive, 78XD, EV 108.8 MPH)
|
|
Batting: LHB Tim Derryberry
|
0-0: Ball 1-0: Ball 2-0: Called Strike 2-1: Foul Ball, location: 2F 2-2: Strikes out swinging
|
|
Batting: LHB Herbert Orensky
|
0-0: Called Strike 0-1: Swinging Strike 0-2: Foul Ball, location: 2F 0-2: Ball 1-2: Ball 2-2: Fly out, F9 (Flyball, 9, EV 79.4 MPH)
|
|
Batting: LHB Steve Hammond
|
0-0: Ball 1-0: Foul Ball, location: 2F 1-1: Ball 2-1: Foul Ball, location: 2F 2-2: Foul Ball, location: 2F 2-2: Ball 3-2: Ground out 6-3 (Groundball, 6, EV 83.1 MPH)
|
| Bottom of the 1st over - 0 runs, 1 hit, 0 errors, 1 left on base; Elmira 0 - Manchester 0 |
| TOP OF THE 2ND |
|
Elmira Pioneers batting - Pitching for Manchester Fisher Cats : RHP Jeffrey Arney
|
|
Batting: SHB Esteban Mendez
|
0-0: Called Strike 0-1: Ball 1-1: Swinging Strike 1-2: Foul Ball, location: 2F 1-2: Ball 2-2: Foul Ball, location: 2F 2-2: Ground out 5-3 (Groundball, 56S, EV 79.4 MPH)
|
|
Batting: LHB German Barranca
|
0-0: Ball 1-0: Swinging Strike 1-1: Ball 2-1: Foul Ball, location: 2F 2-2: Fly out, F8 (Flyball, 8RD, EV 85.6 MPH)
|
|
Batting: RHB Curtis Cannedy
|
0-0: Ball 1-0: Ball 2-0: Called Strike 2-1: Foul Ball, location: 2F 2-2: Foul Ball, location: 2F 2-2: Ball 3-2: Fly out, F7 (Flyball, 7LM, EV 80.6 MPH)
|
| Top of the 2nd over - 0 runs, 0 hits, 0 errors, 0 left on base; Elmira 0 - Manchester 0 |
| BOTTOM OF THE 2ND |
|
Manchester Fisher Cats batting - Pitching for Elmira Pioneers : RHP Carlos Cruz
|
|
Batting: LHB Mel Hall
|
0-0: Ground out 6-3 (Groundball, 56, EV 81.9 MPH)
|
|
Batting: RHB Tony Stevens
|
0-0: Ball 1-0: Called Strike 1-1: Ball 2-1: Called Strike 2-2: Strikes out swinging
|
|
Batting: RHB Randy Johnson
|
0-0: Swinging Strike 0-1: Ball 1-1: Fly out, F8 (Flyball, 89D, EV 91.9 MPH)
|
| Bottom of the 2nd over - 0 runs, 0 hits, 0 errors, 0 left on base; Elmira 0 - Manchester 0 |
| TOP OF THE 3RD |
|
Elmira Pioneers batting - Pitching for Manchester Fisher Cats : RHP Jeffrey Arney
|
|
Batting: RHB Larry Owen
|
0-0: Called Strike 0-1: Ball 1-1: Fly out, F4 (Flyball, 34D, EV 80.0 MPH)
|
|
Batting: RHB Ken Dowell
|
0-0: Ball 1-0: Foul Ball, location: 2F 1-1: Foul Ball, location: 2F 1-2: Ball 2-2: Ball 3-2: Fly out, F9 (Line Drive, 9, EV 93.8 MPH)
|
|
Batting: RHB Mark Wasinger
|
0-0: Ball 1-0: SINGLE (Groundball, 5D, EV 96.9 MPH)
|
|
Batting: RHB Richard Givens
|
0-0: Foul Ball, location: 2F 0-1: Fly out, F9 (Flyball, 9, EV 91.9 MPH)
|
| Top of the 3rd over - 0 runs, 1 hit, 0 errors, 1 left on base; Elmira 0 - Manchester 0 |
| BOTTOM OF THE 3RD |
|
Manchester Fisher Cats batting - Pitching for Elmira Pioneers : RHP Carlos Cruz
|
|
Batting: RHB Reymundo Estevez
|
0-0: Ball 1-0: Called Strike 1-1: Called Strike 1-2: Ball 2-2: Reached via error on a dropped throw from 1B, E1 (Groundball, 34S, EV 81.3 MPH)
|
|
Batting: RHB Gary Holden
|
0-0: Called Strike 0-1: Foul Ball, location: 2F 0-2: Strikes out swinging
|
|
Batting: SHB Danny Hernandez
|
0-0: Ball 1-0: Ball Reymundo Estevez steals 2nd base (no throw) 2-0: Ground out 1-3 (Groundball, 13S, EV 61.3 MPH) Reymundo Estevez to third
|
|
Batting: LHB Tim Derryberry
|
0-0: Fly out, F7 (Flyball, 7LS, EV 88.1 MPH)
|
| Bottom of the 3rd over - 0 runs, 0 hits, 1 error, 1 left on base; Elmira 0 - Manchester 0 |
| TOP OF THE 4TH |
|
Elmira Pioneers batting - Pitching for Manchester Fisher Cats : RHP Jeffrey Arney
|
|
Batting: LHB Juan Flores
|
0-0: Ball 1-0: Called Strike 1-1: Swinging Strike 1-2: Foul Ball, location: 2F 1-2: Fly out, F8 (Flyball, 89D, EV 93.8 MPH)
|
|
Batting: RHB Edwin Rodriguez
|
0-0: Ball 1-0: Fly out, F9 (Flyball, 89S, EV 81.3 MPH)
|
|
Batting: SHB Esteban Mendez
|
0-0: DOUBLE (Line Drive, 8RD, EV 103.8 MPH)
|
|
Batting: LHB German Barranca
|
0-0: Hit by Pitch
|
|
Batting: RHB Curtis Cannedy
|
0-0: Fly out, F9 (Flyball, 9S, EV 91.3 MPH)
|
| Top of the 4th over - 0 runs, 1 hit, 0 errors, 2 left on base; Elmira 0 - Manchester 0 |
| BOTTOM OF THE 4TH |
|
Manchester Fisher Cats batting - Pitching for Elmira Pioneers : RHP Carlos Cruz
|
|
Batting: LHB Herbert Orensky
|
0-0: Ball 1-0: Ball 2-0: Called Strike 2-1: Ball 3-1: Base on Balls
|
|
Batting: LHB Steve Hammond
|
0-0: Ball 1-0: Foul Ball, location: 2F 1-1: Fly out, F8 (Flyball, 8LM, EV 96.3 MPH)
|
|
Batting: LHB Mel Hall
|
0-0: Called Strike 0-1: Ball 1-1: Ball 2-1: Fly out, F5 (Flyball, 5D, EV 92.5 MPH)
|
|
Batting: RHB Tony Stevens
|
0-0: Foul Ball, location: 2F 0-1: Ball 1-1: Ball 2-1: Foul Ball, location: 2F 2-2: Ball 3-2: Ground out 4-3 (Groundball, 34, EV 77.5 MPH)
|
| Bottom of the 4th over - 0 runs, 0 hits, 0 errors, 1 left on base; Elmira 0 - Manchester 0 |
| TOP OF THE 5TH |
|
Elmira Pioneers batting - Pitching for Manchester Fisher Cats : RHP Jeffrey Arney
|
|
Batting: RHB Larry Owen
|
0-0: Ground out 3-1 (Groundball, 34S, EV 83.8 MPH)
|
|
Batting: RHB Ken Dowell
|
0-0: Called Strike 0-1: Ball 1-1: Foul Ball, location: 2F 1-2: Ball 2-2: SINGLE (Groundball, 4MD, EV 101.9 MPH)
|
|
Batting: RHB Mark Wasinger
|
0-0: Called Strike 0-1: Ball 1-1: Ball 2-1: Swinging Strike 2-2: Grounds into double play, 6-4-3 (Groundball, 6, EV 103.8 MPH)
|
| Top of the 5th over - 0 runs, 1 hit, 0 errors, 0 left on base; Elmira 0 - Manchester 0 |
| BOTTOM OF THE 5TH |
|
Manchester Fisher Cats batting - Pitching for Elmira Pioneers : RHP Carlos Cruz
|
|
Batting: RHB Randy Johnson
|
0-0: Foul Ball, location: 2F 0-1: Ball 1-1: Swinging Strike 1-2: Strikes out swinging
|
|
Batting: RHB Reymundo Estevez
|
0-0: TRIPLE (Flyball, 78XD, EV 112.5 MPH)
|
|
Batting: RHB Gary Holden
|
0-0: Ball 1-0: Called Strike 1-1: Foul Ball, location: 2F 1-2: Foul Ball, location: 2F 1-2: Ball 2-2: Fly out, F7 (Line Drive, 7, EV 96.9 MPH)
|
|
Batting: SHB Danny Hernandez
|
0-0: Called Strike 0-1: Foul Ball, location: 2F 0-2: Ground out 4-3 (Groundball, 4, EV 84.4 MPH)
|
| Bottom of the 5th over - 0 runs, 1 hit, 0 errors, 1 left on base; Elmira 0 - Manchester 0 |
| TOP OF THE 6TH |
|
Elmira Pioneers batting - Pitching for Manchester Fisher Cats : RHP Jeffrey Arney
|
|
Batting: RHB Richard Givens
|
0-0: Called Strike 0-1: Ball 1-1: Ball 2-1: Called Strike 2-2: Fly out, F9 (Flyball, 9LD, EV 88.8 MPH)
|
|
Batting: LHB Juan Flores
|
0-0: Ball 1-0: Ball 2-0: Called Strike 2-1: Called Strike 2-2: DOUBLE (Groundball, 3L, EV 95.6 MPH)
|
|
Batting: RHB Edwin Rodriguez
|
0-0: Ball 1-0: Called Strike 1-1: Foul Ball, location: 2F 1-2: Ground out 5-3 (Groundball, 56, EV 92.5 MPH)
|
|
Batting: SHB Esteban Mendez
|
0-0: SINGLE (Line Drive, 4MD, EV 95.0 MPH) Juan Flores to third Runner from 3rd tries for Home, throw by CF and OUT! 8-2
|
| Top of the 6th over - 0 runs, 2 hits, 0 errors, 1 left on base; Elmira 0 - Manchester 0 |
| BOTTOM OF THE 6TH |
|
Manchester Fisher Cats batting - Pitching for Elmira Pioneers : RHP Carlos Cruz
|
|
Batting: LHB Tim Derryberry
|
0-0: Foul Ball, location: 2F 0-1: Foul Ball, location: 2F 0-2: Ball 1-2: Ball 2-2: Hit by Pitch
|
|
Batting: LHB Herbert Orensky
|
0-0: Ball 1-0: Fielders Choice at 2nd, 3-6 (Groundball, 3, EV 85.6 MPH)
|
|
Batting: LHB Steve Hammond
|
0-0: Ball 1-0: Called Strike 1-1: Ball 2-1: Foul Ball, location: 2F 2-2: Fly out, F2 (Popup, 25F, EV 85.6 MPH)
|
|
Batting: LHB Mel Hall
|
0-0: Foul Ball, location: 2F 0-1: Fly out, F8 (Flyball, 8RM, EV 92.5 MPH)
|
| Bottom of the 6th over - 0 runs, 0 hits, 0 errors, 1 left on base; Elmira 0 - Manchester 0 |
| TOP OF THE 7TH |
|
Elmira Pioneers batting - Pitching for Manchester Fisher Cats : RHP Jeffrey Arney
|
|
Batting: LHB German Barranca
|
0-0: Ground out 2-3 (Groundball, 13S, EV 68.8 MPH)
|
|
Batting: RHB Curtis Cannedy
|
0-0: Swinging Strike 0-1: Swinging Strike 0-2: Ball 1-2: Ball 2-2: Foul Ball, location: 2F 2-2: SOLO HOME RUN (Flyball, 78XD, EV 91.3 MPH), Distance : 413 ft
|
|
Batting: RHB Larry Owen
|
0-0: Swinging Strike 0-1: Ball 1-1: Swinging Strike 1-2: Strikes out swinging
|
|
Batting: RHB Ken Dowell
|
0-0: Fly out, F8 (Flyball, 8LS, EV 88.8 MPH)
|
| Top of the 7th over - 1 run, 1 hit, 0 errors, 0 left on base; Elmira 1 - Manchester 0 |
| BOTTOM OF THE 7TH |
|
Manchester Fisher Cats batting - Pitching for Elmira Pioneers : RHP Carlos Cruz
|
|
Batting: RHB Tony Stevens
|
0-0: Ball 1-0: Fly out, F8 (Flyball, 8LM, EV 92.5 MPH)
|
|
Batting: RHB Randy Johnson
|
0-0: Ball 1-0: Swinging Strike 1-1: Ball 2-1: Foul Ball, location: 2F 2-2: Foul Ball, location: 2F 2-2: SINGLE (Groundball, 34D, EV 96.3 MPH)
|
|
Batting: RHB Reymundo Estevez
|
0-0: Called Strike 0-1: Ball 1-1: Ball 2-1: Foul Ball, location: 2F 2-2: Foul Ball, location: 2F 2-2: Fly out, F8 (Flyball, 8LS, EV 80.0 MPH)
|
|
Batting: RHB Gary Holden
|
0-0: Foul Ball, location: 2F 0-1: Called Strike 0-2: Foul Ball, location: 2F 0-2: Fly out, F4 (Popup, 3DF, EV 45.6 MPH)
|
| Bottom of the 7th over - 0 runs, 1 hit, 0 errors, 1 left on base; Elmira 1 - Manchester 0 |
| TOP OF THE 8TH |
|
Elmira Pioneers batting - Pitching for Manchester Fisher Cats : RHP Jeffrey Arney
|
|
Batting: RHB Mark Wasinger
|
0-0: SINGLE (Groundball, 6S, EV 67.5 MPH) (infield hit)
|
|
Batting: RHB Richard Givens
|
0-0: Called Strike 0-1: Called Strike 0-2: Strikes out swinging
|
|
Batting: LHB Juan Flores
|
0-0: Called Strike 0-1: Grounds into double play, 4-6-3 (Groundball, 4, EV 107.5 MPH)
|
| Top of the 8th over - 0 runs, 1 hit, 0 errors, 0 left on base; Elmira 1 - Manchester 0 |
| BOTTOM OF THE 8TH |
|
Manchester Fisher Cats batting - Pitching for Elmira Pioneers : RHP Carlos Cruz
|
|
Batting: SHB Danny Hernandez
|
0-0: Ball 1-0: SINGLE (Groundball, 34S, EV 65.0 MPH) (infield hit)
|
|
Batting: LHB Tim Derryberry
|
0-0: Bunt missed! 0-1: Sac Bunt to 3S - play at first, batter OUT! 3-4 Danny Hernandez to second
|
|
Batting: LHB Herbert Orensky
|
0-0: Ball 1-0: Swinging Strike 1-1: Foul Ball, location: 2F 1-2: Foul Ball, location: 2F 1-2: Strikes out swinging
|
|
Batting: LHB Steve Hammond
|
0-0: Ball 1-0: Foul Ball, location: 2F 1-1: DOUBLE (Line Drive, 7D, EV 91.3 MPH) Danny Hernandez scores
|
|
Batting: LHB Mel Hall
|
0-0: Called Strike 0-1: Foul Ball, location: 2F 0-2: Ball 1-2: Fly out, F7 (Flyball, 7S, EV 75.0 MPH)
|
| Bottom of the 8th over - 1 run, 2 hits, 0 errors, 1 left on base; Elmira 1 - Manchester 1 |
| TOP OF THE 9TH |
|
Elmira Pioneers batting - Pitching for Manchester Fisher Cats : RHP Jeffrey Arney
|
|
Pitching: RHP Chris Davis
|
|
|
Batting: RHB Edwin Rodriguez
|
0-0: Called Strike 0-1: Ball 1-1: Fly out, F8 (Line Drive, 8LD, EV 93.8 MPH)
|
|
Batting: SHB Esteban Mendez
|
0-0: Ball 1-0: Ball 2-0: Ball 3-0: Called Strike 3-1: Ground out 4-3 (Groundball, 4, EV 100.6 MPH)
|
|
Batting: LHB German Barranca
|
0-0: Foul Ball, location: 2F 0-1: Called Strike 0-2: Ball 1-2: Ground out U3 (Groundball, 34S, EV 89.4 MPH)
|
| Top of the 9th over - 0 runs, 0 hits, 0 errors, 0 left on base; Elmira 1 - Manchester 1 |
| BOTTOM OF THE 9TH |
|
Manchester Fisher Cats batting - Pitching for Elmira Pioneers : RHP Carlos Cruz
|
|
Pitching: RHP Alejandro Gallardo
|
|
|
Batting: SHB Stan Javier
|
0-0: Ball 1-0: Ball 2-0: Ball 3-0: Base on Balls
|
|
Pinch Hitting: LHB Jessie Reid
|
0-0: Ball 1-0: Called Strike 1-1: Ball 2-1: Ball 3-1: Foul Ball, location: 2F 3-2: Fly out, F8 (Flyball, 8LM, EV 87.5 MPH)
|
|
Batting: RHB Reymundo Estevez
|
0-0: Called Strike 0-1: Ball 1-1: SINGLE (Line Drive, 4D, EV 103.1 MPH) Stan Javier to second
|
|
Pinch Hitting: LHB Carlos Cabassa
|
0-0: Ball 1-0: Called Strike 1-1: Ball 2-1: Called Strike 2-2: Foul Ball, location: 2F 2-2: Strikes out swinging
|
|
Batting: SHB Danny Hernandez
|
0-0: Foul Ball, location: 2F 0-1: Called Strike 0-2: Ground out 4-3 (Groundball, 34D, EV 84.4 MPH)
|
| Bottom of the 9th over - 0 runs, 1 hit, 0 errors, 2 left on base; Elmira 1 - Manchester 1 |
| TOP OF THE 10TH |
|
Elmira Pioneers batting - Pitching for Manchester Fisher Cats : RHP Chris Davis
|
|
Now at 1B: Jessie Reid
|
|
|
Now at 3B: Buddy Pryor
|
|
|
Pinch Hitting: LHB Neil Fiala
|
0-0: Called Strike 0-1: Swinging Strike 0-2: DOUBLE (Line Drive, 8RD, EV 112.5 MPH)
|
|
Pinch Hitting: RHB Greg Keatley
|
0-0: Swinging Strike 0-1: Foul Ball, location: 2F 0-2: 2-RUN HOME RUN (Flyball, 8LXD, EV 92.5 MPH), Distance : 422 ft
|
|
Batting: RHB Ken Dowell
|
0-0: Swinging Strike 0-1: Ball 1-1: Ground out 1-3 (Groundball, 13S, EV 73.1 MPH)
|
|
Batting: RHB Mark Wasinger
|
0-0: Foul Ball, location: 2F 0-1: Ball 1-1: Called Strike 1-2: Ball 2-2: Ball 3-2: Fly out, F8 (Line Drive, 8LD, EV 86.9 MPH)
|
|
Batting: RHB Richard Givens
|
0-0: Ball 1-0: Foul Ball, location: 2F 1-1: Foul Ball, location: 2F 1-2: Foul Ball, location: 2F 1-2: Ball 2-2: Ball 3-2: Foul Ball, location: 2F 3-2: Fly out, F4 (Popup, 4MD, EV 48.1 MPH)
|
| Top of the 10th over - 2 runs, 2 hits, 0 errors, 0 left on base; Elmira 3 - Manchester 1 |
| BOTTOM OF THE 10TH |
|
Manchester Fisher Cats batting - Pitching for Elmira Pioneers : RHP Alejandro Gallardo
|
|
Now at C: Greg Keatley
|
|
|
Now in CF: Ron Stinnett
|
|
|
Batting: LHB Tim Derryberry
|
0-0: Ball 1-0: Foul Ball, location: 2F 1-1: Swinging Strike 1-2: Foul Ball, location: 2F 1-2: Ball 2-2: Ball 3-2: Base on Balls
|
|
Batting: LHB Herbert Orensky
|
0-0: Ball 1-0: Ball 2-0: Ball 3-0: Called Strike 3-1: Fly out, F8 (Line Drive, 8RD, EV 93.8 MPH)
|
|
Batting: LHB Steve Hammond
|
0-0: Ball 1-0: Ball 2-0: Ground out 5-3 (Groundball, 56, EV 79.4 MPH) Tim Derryberry to second
|
|
Batting: LHB Mel Hall
|
0-0: Ball 1-0: SINGLE (Groundball, 56S, EV 95.0 MPH) Tim Derryberry to third
|
|
Batting: SHB Stan Javier
|
0-0: Ball 1-0: Reached on error, E6 (Groundball, 56, EV 101.3 MPH) Tim Derryberry scores Mel Hall to second
|
|
Batting: LHB Jessie Reid
|
0-0: Ball 1-0: Foul Ball, location: 2F 1-1: Foul Ball, location: 2F 1-2: 3-RUN HOME RUN (Flyball, 78XD, EV 100.0 MPH), Distance : 433 ft
|
| Bottom of the 10th over - 4 runs, 2 hits, 1 error, 0 left on base; Elmira 3 - Manchester 5 |
|